 Dungeon Crawl Stone Soup version 0.27.1-3-gb3d3a73c9e (webtiles) character file.

Game seed: 6503863085343751501

83 jlumianski the Covered (level 4, 0/42 HPs)
             Began as a Deep Dwarf Fighter on Oct 21, 2021.
             Splashed by a jelly's acid (6 damage)
             ... on level 2 of the Dungeon.
             The game lasted 00:05:34 (1472 turns).

jlumianski the Covered (Deep Dwarf Fighter)         Turns: 1472, Time: 00:05:35

Health: 0/42       AC: -4    Str: 21    XL:     4   Next: 22%
Magic:  4/4        EV:  8    Int:  8    God:
Gold:   66         SH:  9    Dex: 12    Spells: 3/3 levels left

rFire    . . .     SeeInvis .   a - +0 war axe
rCold    . . .     Faith    .   c - +0 kite shield
rNeg     . . .     Spirit   .   b - +0 scale mail
rPois    .         Reflect  .   (no helmet)
rElec    .         Harm     .   (no cloak)
rCorr    .         Rampage  .   (no gloves)
Will     .....                  (no boots)
Stlth    ..........             (no amulet)
HPRegen  0.00/turn              (no ring)
MPRegen  0.09/turn              (no ring)

@: corroded
A: damage resistance, heal wounds, sense surroundings 1, no regeneration
a: Heal Wounds


You were on level 2 of the Dungeon.
You visited 1 branch of the dungeon, and saw 3 of its levels.

You collected 66 gold pieces.

Inventory:

Hand Weapons
 a - a +0 war axe (weapon)
 j - a +0 hunting sling
Missiles
 g - 9 atropa-tipped darts
 h - 18 stones
Armour
 b - a +0 scale mail (worn)
 c - a +0 kite shield (worn)
Scrolls
 e - a scroll of fear {unknown}
 f - a scroll of noise {unknown}
 k - a scroll of magic mapping {unknown}
 l - a scroll of immolation {unknown}
 m - a scroll of identify {unknown}
Potions
 d - a potion of might
 i - a potion of invisibility {unknown}
 n - a potion of lignification {unknown}


   Skills:
 + Level 3.0 Fighting
 + Level 3.1 Axes
 + Level 3.8 Armour
 + Level 1.9 Dodging
 + Level 3.8 Shields


You had 3 spell levels left.
You didn't know any spells.
Your spell library contained the following spells:

 Spells                   Type           Power      Damage    Failure   Level
 Passwall                 Tmut/Erth      0%         N/A       100%        2
 Swiftness                Air            0%         N/A       100%        3
 Animate Armour           Summ/Erth      0%         N/A       100%        4
 Blade Hands              Tmut           0%         N/A       100%        5
 Invisibility             Hex            0%         N/A       100%        6
 Iron Shot                Conj/Erth      0%         9d1       100%        6


Dungeon Overview and Level Annotations

Branches:
Dungeon (3/15)

Altars:


Innate Abilities, Weirdness & Mutations

You are resistant to damage.
You can heal yourself by infusing magical energy.
You passively map a small area around you.
You do not regenerate.


Message History

The adder bites you.
You slash the adder!
You kill the adder!
Your Fighting skill increases to level 3!
Your Axes skill increases to level 3!
You have reached level 4!
You feel stronger.
You see here an adder corpse.
You are no longer poisoned.
You open the door.
A rat, a jelly, a kobold and 2 snakes come into view.
The ball python hisses angrily.
The adder hisses angrily.
You slash the kobold!
You kill the kobold!
You closely miss the adder. You block the adder's attack.
The adder bites you but does no damage. x2
You barely miss the adder. You block the adder's attack.
The adder bites you but does no damage.
You closely miss the adder. You block the adder's attack. The adder bites you.
You slash the adder!
You kill the adder!
The jelly hits you but does no damage.
You slash the jelly! The acid corrodes you!
Your hands burn!
The jelly is heavily wounded.
The jelly hits you but does no damage. The jelly barely misses you.
You hit the jelly. The acid corrodes you!
Your hands burn!
The jelly is almost dead.
The jelly hits you but does no damage.
You hit the jelly.
Your hands burn!
The jelly is almost dead.
The jelly hits you but does no damage. You block the jelly's attack.
You hit the jelly but do no damage. The acid corrodes you!
Your hands burn!
* * * LOW HITPOINT WARNING * * *
The jelly is almost dead.
You block the jelly's attack.
You hit the jelly but do no damage.
Your hands burn!
* * * LOW HITPOINT WARNING * * *
The jelly is almost dead.
The jelly hits you. The acid corrodes you!
You are splashed with acid!
You die...

######.# ..# ###......# ..
#...♣♣♣♣♣♣ * #.# ######.†♣♣.....
* , .. #......♣...♣♣♣. *#####.*
#. #.......♣♣♣♣ ♣♣ ,..... ,
#.###.........# ♣♣ ,,#.... ,,
#..##.........#♣♣♣. * #...# #####
#@##......<..♣♣...
#..#...#,......#J##...######..♣♣♣
...#...# ..JS..Sr##...##...'.....
...#...#,......#..#...##.###.....
...#...#########......##.###.....
....#...).....#..##......##......
..#.###.#....(#........####......
..#..#..#######..............#+##
..+......#.).#.............>.....


You could see a jelly, a ball python and a rat.

Vanquished Creatures
  A howler monkey skeleton (D:2)
  4 adders (D:2)
  2 dart slugs
  2 orcs
  2 ball pythons
  3 endoplasms (D:1)
  4 giant cockroaches
  A goblin (D:1)
  6 hobgoblins
  A bat (D:2)
  3 frilled lizards (D:1)
  2 kobolds (D:2)
31 creatures vanquished.

Notes
Turn   | Place    | Note
-------+----------+-------------------------------------------
     0 | D:1      | jlumianski the Deep Dwarf Fighter began the quest for the
                  | Orb.
     0 | D:1      | Reached XP level 1. HP: 20/20 MP: 1/1
   366 | D:1      | Reached XP level 2. HP: 18/27 MP: 2/2
   992 | D:2      | Reached skill level 1 in Dodging
   992 | D:2      | Reached XP level 3. HP: 18/33 MP: 3/3
  1386 | D:2      | Found a faded altar of an unknown god.
  1425 | D:2      | Reached XP level 4. HP: 16/42 MP: 4/4
  1472 | D:2      | Splashed by a jelly's acid

Illustrated notes

Levels and vault maps discovered:
D:1:      nicolae_arrival_somewhat_less_tricky_arrival, layout_loops_corners
D:2:      minmay_skewed_foursquare, layout_basic,
          shapermc_ecumenical_altar_totnotflames, serial_park_tiny_1,
          minivault_19, minmay_divided_ellipse
D:3:      layout_loops_ring, serial_shops, shop, serial_park_tiny_pond,
          corexii_shack, minmay_misc_feat_four_crosses, uniq_jessica

Skill      XL: |  1  2  3 |
---------------+----------+-----
Dodging        | 1 |  1.9
Fighting       | 3 |  3.0
Axes           | 3 |  3.1
Armour         | |  3.8
Shields        | |  3.8

Action                   |  1- 3 |  4- 6 || total
-------------------------+-------+-------++-------
Melee: War axe           |   100 |    10 ||   110
Armor: Scale mail        |    46 |     7 ||    53
Dodge: Dodged            |    27 |     1 ||    28
Block: Kite shield       |    56 |     5 ||    61
